 Dungeon Crawl Stone Soup version 0.27-a0-1299-g1ab19c6527 (webtiles) character file.

Game seed: 11248324524379524934

397 bande the Chopper (level 6, -7/38 HPs)
             Began as a Gargoyle Fighter on June 16, 2021.
             Mangled by an ogre (17 damage)
             ... on level 4 of the Dungeon.
             The game lasted 00:04:35 (3019 turns).

bande the Chopper (Gargoyle Fighter)                Turns: 3019, Time: 00:04:36

Health: -7/38      AC: 11    Str: 20    XL:     6   Next: 83%
Magic:  6/6        EV:  8    Int:  9    God:
Gold:   149        SH:  9    Dex: 10    Spells: 5/5 levels left

rFire    + . .     SeeInvis .   a - +0 war axe
rCold    . . .     Faith    .   c - +0 kite shield
rNeg     + . .     Spirit   .   b - +0 scale mail
rPois    ∞         Reflect  .   (no helmet)
rElec    +         Harm     .   k - scarf {+Inv}
rCorr    .         Rampage  .   (no gloves)
Will     .....                  (no boots)
Stlth    ..........             (no amulet)
HPRegen  0.12/turn              f - ring of protection from fire
MPRegen  0.10/turn              (no ring)

@: no status effects
A: sickness immunity, AC +4, negative energy resistance 1, electricity
resistance, torment resistance 1, petrification resistance
a: Evoke Invisibility


You were on level 4 of the Dungeon.
You visited 1 branch of the dungeon, and saw 4 of its levels.

You collected 149 gold pieces.

Inventory:

Hand Weapons
 a - a +0 war axe (weapon)
Missiles
 e - 8 curare-tipped darts (quivered)
Armour
 b - a +0 scale mail (worn)
 c - a +0 kite shield (worn)
 k - a scarf of invisibility (worn)
Jewellery
 f - a ring of protection from fire (left hand)
Wands
 h - a wand of paralysis (12)
Scrolls
 g - a scroll of identify
Potions
 d - a potion of mutation {unknown}
 i - 2 potions of heal wounds
 j - a potion of brilliance {unknown}


   Skills:
 + Level 4.2 Fighting
 + Level 4.5 Axes
 + Level 4.2 Armour
 + Level 1.2 Dodging
 + Level 0.9 Stealth
 + Level 4.4 Shields


You had 5 spell levels left.
You didn't know any spells.
Your spell library was empty.

Dungeon Overview and Level Annotations

Branches:
Dungeon (4/15)
 Temple: D:4-7

Altars:
Nemelex Xobeh

Shops:
D:3 (


Innate Abilities, Weirdness & Mutations

You are immune to sickness and miasma.
Your stone body is resilient. (AC +4)
You are immune to poison.
You resist negative energy. (rN+)
You are resistant to electric shocks. (rElec)
You are resistant to unholy torment.
You are immune to petrification.


Message History

You closely miss the goblin. You block the goblin's attack.
The goblin barely misses you.
You barely miss the goblin. You block the goblin's attack.
You slash the goblin!
You kill the goblin!
No target in view!
No target in view!
No target in view!
No target in view!
Things that are here:
a +0 club; a goblin corpse
Found a stone staircase leading down.
There is a stone staircase leading down here.
An ogre comes into view. It is wielding a +0 giant spiked club.
The ogre shouts!
Found 15 bolts and a robe.
You hit the ogre.
The ogre is lightly wounded.
You block the ogre's attack.
You hit the ogre.
The ogre is moderately wounded.
You block the ogre's attack.
You slash the ogre!
The ogre is heavily wounded.
You block the ogre's attack.
You hit the ogre but do no damage.
The ogre is heavily wounded.
The ogre closely misses you. The ogre barely misses you.
You slash the ogre!
The ogre is almost dead.
The ogre hits you with a +0 giant spiked club!!
Ouch! That really hurt!
* * * LOW HITPOINT WARNING * * *
Your shield prevents you from hitting the ogre.
The ogre is almost dead.
The ogre barely misses you.
You closely miss the ogre.
The ogre is almost dead.
The ogre hits you with a +0 giant spiked club!
You die...

##..# #..# #..#
#.># ##.#
#######.#
###.......###..
..............#
......O@.....##
.............#
.............#
.............#
.......[...(.#
########+#####


You could see an ogre.

Vanquished Creatures
  Sigmund (D:3)
  A centaur (D:3)
  6 adders
  2 worms (D:2)
  A dart slug (D:3)
  8 ball pythons
  6 endoplasms
  2 giant cockroaches
  7 goblins
  10 hobgoblins
  10 jackals
  6 quokkas
  9 bats
  2 frilled lizards
  6 kobolds (D:1)
  9 rats
86 creatures vanquished.

Notes
Turn   | Place    | Note
-------+----------+-------------------------------------------
     0 | D:1      | bande the Gargoyle Fighter began the quest for the Orb.
     0 | D:1      | Reached XP level 1. HP: 14/14 MP: 1/1
   186 | D:1      | Reached XP level 2. HP: 19/19 MP: 2/2
   474 | D:1      | Reached XP level 3. HP: 18/23 MP: 3/3
  1309 | D:2      | Reached XP level 4. HP: 23/29 MP: 4/4
  1862 | D:2      | Found a sparkling altar of Nemelex Xobeh.
  2075 | D:3      | Noticed Sigmund
  2085 | D:3      | Killed Sigmund
  2086 | D:3      | Reached skill level 1 in Dodging
  2086 | D:3      | Reached XP level 5. HP: 5/33 MP: 5/5
  2086 | D:3      | Reached XP level 6. HP: 6/38 MP: 6/6
  2478 | D:3      | Found Impiohiu's Antique Weapon Shop.
  3019 | D:4      | Mangled by an ogre

Illustrated notes

Levels and vault maps discovered:
D:1:      wander_arrival_estate, layout_rooms, minmay_misc_feat_secret_circle,
          minmay_misc_feat_encased, minmay_nonomino_d4
D:2:      layout_basic, basic_altar
D:3:      layout_rooms, serial_shops, nicolae_shop_crystal, uniq_sigmund
D:4:      layout_basic, kennysheep_generic_room_3, uniq_ijyb, uniq_menkaure

Skill      XL: |  1  2  3  4 |
---------------+-------------+-----
Axes           | 2 4 |  4.5
Shields        | 4 |  4.4
Armour         | 4 |  4.2
Fighting       | 4 |  4.2
Dodging        | 1 |  1.2
Stealth        | |  0.9

Action                   |  1- 3 |  4- 6 || total
-------------------------+-------+-------++-------
Melee: War axe           |   108 |   134 ||   242
  Use: Scroll            |     1 |     1 ||     2
       Potion            |     5 |     1 ||     6
Armor: Scale mail        |    79 |   102 ||   181
Dodge: Dodged            |    43 |    61 ||   104
Block: Kite shield       |    67 |    92 ||   159

Table legend: (Time is in decaauts)
 A = Elapsed time spent in this place.
 B = Non-inter-level travel time spent in this place.
 C = Inter-level travel time spent in this place.
 D = Time resting spent in this place.
 E = Time spent auto-exploring this place.
 F = Levels seen in this place.
 G = Mean time per level.
                   A        B        C        D        E       F      G
               +--------+--------+--------+--------+--------+-----+--------+
         Total |   3160 |   3160 |      0 |    608 |   1870 |   4 |  790.0 |
       Dungeon |   3160 |   3160 |      0 |    608 |   1870 |   4 |  790.0 |
               +--------+--------+--------+--------+--------+-----+--------+

Top non-repeatable levels by time:
     D:2: 1246 daAuts
     D:3: 977 daAuts
     D:1: 842 daAuts
     D:4: 93 daAuts
